Arrhythmia, chaotic female vampiric Convict --- -------- ----- --.-- |..--..| --.|.-- |...--- ---- |......---- ----.....| ---- |.....| |..--.-- --........-- ----.......-| |..-- --...-- --...-.---. |.........|---...........| --...|---.--- -- --- --........-.--- --........--..........|.-- |....-|...| ---.|---... ..............-- |........)..........---- ---.....|.--- |..--|....|-----.............c@e#*)#.........<..........| |.......(.| --..........--.---......---..|..| --.-.(..^...)..--- |.---...--- |.....)%...............-- ------- |-........%...| |.| |...| ---.----..........^......| --....().).....| |.| |...| |...| ---...............| ----...--.-..--...--- |.| |.|.----.---- --......---....-----------------...........).......| |.--|.|......|-.-- |...............%.)..).))............---------....| |..||.|-->..-|...-----.....----..--------------------.....--- |...-- |..-|.|^....|--.%..|.......-- ---- |..|.-- ----....| ---.--- |...|.......-----...........---------.....| |....| |...-- |...|......[.| --.......................-- ---.-- ---..| |.----.---..-- |..........----------...| --- |..| --- --- ---- --.|.|.|.--- --.-- ---- --------- --- Arrhythmia the Jail-bird Experience level: 9 Strength: 14 Dexterity: 12 Constitution: 20 Intelligence: 13 Wisdom: 13 Charisma: 7 Health: 93(94) Energy: 61(61) AC: -2 Gold: 108 Moves: 5322 Your Inventory: Coins $ - 108 gold pieces Weapons o - an [uncursed +0] runed dagger [elven] r - 10 [blessed +0] crossbow bolts [of detonation] v - an [uncursed +3] dagger B - an [uncursed +0] dagger [of fire] P - a cursed -2 runed dagger [elven] (weapon in hand) X - an [uncursed +0] flail Armor a - an [uncursed] +0 pair of fencing gloves [leather] (being worn) b - a cursed +0 striped shirt f - an [uncursed] +0 leather cloak (being worn) h - an [uncursed +1] small shield A - an [uncursed] +0 elven mithril-coat (being worn) E - an [uncursed] +1 pair of hard shoes [iron] (being worn) G - an [uncursed +0] hooded cloak [dwarvish] J - an [uncursed] +0 hard hat [dwarvish iron helm] (being worn) U - an [uncursed +0] mummy wrapping Z - a cursed -1 small shield (being worn) Comestibles L - an [uncursed] Hot Futa Mare Dick Scrolls d - an [uncursed] scroll labeled ASHPD [of identify] n - an [uncursed] scroll labeled PRATYAVAYAH [of enchant armor] t - 10 [uncursed] unlabeled scrolls [of blank paper] u - 2 [blessed] unlabeled scrolls [of blank paper] M - a [cursed] scroll labeled ZLORFIK [of light] T - an [uncursed] scroll labeled ZLORFIK [of light] Spellbooks Q - a [blessed] dark spellbook [of magic mapping] Rings x - an [uncursed] brass ring [of speed (of searching)] Wands e - a [blessed] porcelain wand [of opening (0:4)] g - an [uncursed] wand of digging [0:2] W - an [uncursed] glass wand [of create monster (0:11)] Y - a [cursed] wand of lightning [0:0] Tools c - an [uncursed] tin whistle q - an [uncursed] blindfold w - an [uncursed] lock pick C - an [uncursed] looking glass [mirror] F - an [uncursed] pair of lenses (being worn) N - 4 [uncursed wax] candles R - 3 [uncursed tallow] candles V - an [uncursed] glass orb [(crystal ball) (0:5)] Gems y - 3 [uncursed] violet gems [worthless glass] z - an [uncursed] yellow gem [citrine] K - 2 [uncursed] black gems [black opal] O - an [uncursed] yellowish brown gem [worthless glass] S - an [uncursed] green gem [worthless glass] Spells known in the end: Name Level Category Fail Memory Your skills at the end: Fighting Skills Weapon Skills sling [Basic / Skilled] Spellcasting Skills Final Attributes: You had strayed. Hunger level was -281. Your alignment was -1 / 36. Monster difficulty range was 1 - 8. Level difficulty was 7. You were immune to poison. You were immune to level-drain. You were immune to sickness. You could fly. You could survive without air. You regenerated. Your luck was zero. You are dead. Vanquished creatures: 4 watchmen a wolf a winter wolf cub a lynx a dog a jaguar 2 dwarf lords 2 dust vortices a raven a gnome mummy 4 human zombies a water nymph a rock piercer a rock mole 2 ponies a shrieker a violet fungus 4 gnome lords 2 gnomish wizards a black naga hatchling a gray ooze a straw golem 4 paper golems 3 giant ants 7 dwarves 2 homunculi 3 rothes 2 giant bats 3 dwarf zombies an iguana 2 acid blobs 2 coyotes a gas spore 6 hobbits 2 hobgoblins a giant rat a green mold 48 gnomes 2 garter snakes a gecko 3 jackals 3 foxes a kobold 2 goblins 6 grid bugs 2 lichens a kobold zombie a newt 145 creatures vanquished. Voluntary challenges: You went without food. You used a wielded weapon 161 times. You read items or engraved 656 times. You put on armor 18 times. You never genocided any monsters. You never polymorphed an object. You never changed form. You used no wishes. You wrote Elbereth's name 282 times. You never encountered a bones level. You never used any Sokoban shortcuts. Dungeon overview: The Dungeons of Doom: levels 1 to 2 Level 1 a long staircase Level 2 stairs to The Gnomish Mines The Gnomish Mines: levels 3 to 7 Level 3 stairs to The Dungeons of Doom Level 7 <- You were here History has recorded: On T:1 you entered the Dungeons of Doom to retrieve the Amulet of Yendor! On T:630 you reached level 2 of The Dungeons of Doom. On T:645 you advanced to experience level 2. On T:681 you reached level 1 of The Gnomish Mines. On T:727 you advanced to experience level 3. On T:740 you advanced to experience level 4. On T:791 you advanced to experience level 5. On T:1031 you advanced to experience level 6. On T:1265 you reached level 2 of The Gnomish Mines. On T:1467 you advanced to experience level 7. On T:2075 you reached level 3 of The Gnomish Mines. On T:2425 you advanced to experience level 8. On T:2775 you reached level 4 of The Gnomish Mines. On T:2984 you reached level 5 of The Gnomish Mines. On T:4497 you advanced to experience level 9. Latest messages: The cockatrice misses. The cockatrice touches you! The cockatrice bites! The cockatrice touches you! The cockatrice bites! The cockatrice touches you! [HP-1=93] [HP+1=94] The cockatrice misses. The cockatrice touches you! The cockatrice misses. The cockatrice touches you! The cockatrice bites! The cockatrice touches you! You are slowing down. Your limbs are stiffening. The cockatrice misses. The cockatrice touches you! Your limbs have turned to stone. You have turned to stone. The cockatrice bites! The cockatrice misses. You are a statue. Final status: Goodbye Arrhythmia the Convict... You turned to stone in The Gnomish Mines on dungeon level 7 with 6630 points, and 108 pieces of gold, after 5322 moves. You were level 9 with a maximum of 94 hit points when you turned to stone.